 Dungeon Crawl Stone Soup version 0.27.1-33-g824d729ab1 (webtiles) character file.

Game seed: 1831525599710399682

21 Descartes the Grasshopper (level 2, -7/13 HPs)
             Began as a Felid Warper on Dec 19, 2021.
             Killed by nerve-wracking pain
             ... invoked by Jessica
              (14 damage)
             ... on level 2 of the Dungeon.
             The game lasted 00:01:56 (1825 turns).

Descartes the Grasshopper (Felid Warper)            Turns: 1825, Time: 00:01:57

Health: -7/13      AC:  1    Str:  7    XL:     2   Next: 65%
Magic:  6/6        EV: 18    Int: 14    God:
Gold:   116        SH:  0    Dex: 15    Spells: 5/5 levels left
                                        Lives:  0   Deaths: 0

rFire    . . .     SeeInvis +     - Unarmed
rCold    . . .     Faith    .   (shield unavailable)
rNeg     . . .     Spirit   .   (armour unavailable)
rPois    .         Reflect  .   (helmet unavailable)
rElec    .         Harm     .   (cloak unavailable)
rCorr    .         Rampage  .   (gloves unavailable)
Will     .....                  (boots unavailable)
Stlth    +.........             (no amulet)
HPRegen  0.04/turn              (no ring)
MPRegen  0.10/turn              (no ring)

@: quick
A: very small, claws 1, fangs 3, see invisible, speed 1, shaggy fur 1, stealthy
paws, no weapons or thrown items, no armour, multi-lived
a: no special abilities


You were on level 2 of the Dungeon.
You visited 1 branch of the dungeon, and saw 2 of its levels.

You collected 116 gold pieces.

Inventory:

Missiles
 c - 41 stones
Scrolls
 a - a scroll of blinking
 b - a scroll of fog {unknown}
 d - a scroll of amnesia {unknown}
Potions
 e - a potion of cancellation {unknown}
 f - a potion of heal wounds {unknown}


   Skills:
 - Level 2.0 Fighting
 + Level 3.8 Dodging
 + Level 2.4 Unarmed Combat
 - Level 2.0 Spellcasting
 + Level 4.9 Translocations


You had 5 spell levels left.
You didn't know any spells.
Your spell library contained the following spells:

 Spells                   Type           Power      Damage    Failure   Level
 Blink                    Tloc           N/A        N/A       4%          2
 Gell's Gravitas          Tloc           7%         N/A       10%         3
 Lesser Beckoning         Tloc           7%         N/A       10%         3
 Teleport Other           Tloc           15%        N/A       10%         3
 Manifold Assault         Tloc           15%        N/A       65%         5


Dungeon Overview and Level Annotations

Branches:
Dungeon (2/15)

Altars:
Beogh

Annotations:
D:2 Jessica


Innate Abilities, Weirdness & Mutations

You have sharp claws.
You have razor-sharp teeth.
You have supernaturally acute eyesight. (SInv)
You cover ground quickly. (Speed+)
You are covered in fur. (AC +1)
Your paws help you pounce on unaware monsters.
You are incapable of wielding weapons or throwing items.
You cannot wear armour.
You gain extra lives every three experience levels.


Message History

You scratch the dart slug. You bite the dart slug.
The dart slug is severely wounded.
The hobgoblin hits you.
You scratch the dart slug.
The dart slug is severely wounded.
The dart slug launches a dart at you. The slug dart hits you.
The hobgoblin barely misses you.
You scratch the dart slug.
The dart slug is almost dead.
The hobgoblin completely misses you. The dart slug bites you.
You scratch the hobgoblin. You bite the hobgoblin.
You kill the hobgoblin!
You scratch the dart slug.
You kill the dart slug!
The orc shouts!
You hear a shout!
The orc curses noisily.
You see here a hobgoblin corpse.
The orc priest shouts!
There is a large open door here.
The orc shouts!
You now have 98 gold pieces (gained 10).
You now have 116 gold pieces (gained 18).
There is a large open door here.
You see here a +0 dagger.
Done exploring.
There is a stone staircase leading down here.
You climb downwards.
Found 5 gold pieces.
There is a stone staircase leading up here.
Jessica shouts!
Jessica hits you with a +0 club.
You scratch Jessica but do no damage. You bite Jessica, but do no damage.
Jessica barely misses you.
You barely miss Jessica. Jessica barely misses you.
You claw Jessica!
Jessica is severely wounded.
Jessica points at you and mumbles some strange words.
Pain shoots through your body!
Ouch! That really hurt!
You die...

#. #. #.
#. #.
##.##
##..@##
#...@.###
#.......#
#.....#.#
##.$<## #
#####


You could see Jessica.

Vanquished Creatures
  A dart slug (D:1)
  A ball python (D:1)
  2 bats (D:1)
  3 endoplasms (D:1)
  A giant cockroach (D:1)
  2 goblins (D:1)
  A hobgoblin (D:1)
  3 quokkas (D:1)
  A frilled lizard (D:1)
  A rat (D:1)
16 creatures vanquished.

Notes
Turn   | Place    | Note
-------+----------+-------------------------------------------
     0 | D:1      | Descartes the Felid Warper began the quest for the Orb.
     0 | D:1      | Reached XP level 1. HP: 9/9 MP: 4/4
   358 | D:1      | Found a faded altar of an unknown god.
   602 | D:1      | Reached XP level 2. HP: 13/13 MP: 6/6
  1563 | D:1      | Noticed an orc warrior
  1819 | D:2      | Noticed Jessica
  1825 | D:2      | Killed from afar by Jessica

Illustrated notes

Levels and vault maps discovered:
D:1:      erik_arrival_cave_to_civilisation [erik_arrival_cave_to_temple],
          layout_basic, ebering_ecumenical_altar_sacrificial
D:2:      layout_loops_ring, minmay_misc_feat_square, hangedman_feature_mirror,
          uniq_jessica, uniq_sigmund

Action                   || total
-------------------------++-------
Melee: Unarmed           ||    50
       Bite              ||     6
       Punch             ||     1
 Stab: Sleeping          ||     3
Armor: Skin              ||     1
Dodge: Dodged            ||    29
